 Dungeon Crawl Stone Soup version 0.21.1-1-g345015f (webtiles) character file.

7 Goblin1989 the Insei (level 1, 15/15 HPs)
             Began as a Demonspawn Transmuter on Apr 4, 2018.
             Quit the game on level 1 of the Dungeon on Apr 5, 2018.
             The game lasted 00:02:00 (435 turns).

Goblin1989 the Insei (Demonspawn Transmuter)         Turns: 435, Time: 00:02:01

Health: 15/15      AC:  2    Str: 10    XL:     1   Next: 83%
Magic:  3/3        EV: 12    Int: 14    God:
Gold:   64         SH:  0    Dex: 13    Spells: 3/4 levels left

rFire    . . .     SeeInvis .     - Unarmed
rCold    . . .     Gourm    .   (no shield)
rNeg     . . .     Faith    .   b - +0 robe
rPois    .         Spirit   .   (no helmet)
rElec    .         Reflect  .   (no cloak)
rCorr    .         Harm     .   (no gloves)
MR       .....                  (no boots)
Stlth    +.........             (no amulet)
HPRegen  0.05/turn              (no ring)
MPRegen  0.08/turn              (no ring)

@: no status effects
A: no striking features
a: no special abilities


You were on level 1 of the Dungeon.
You were not hungry.

You visited 1 branch of the dungeon, and saw 1 of its levels.

You collected 64 gold pieces.

Inventory:

Missiles
 a - 12 arrows
Armour
 b - a +0 robe (worn)
 h - a +0 scale mail of cold resistance
Scrolls
 g - a scroll of identify {unknown}
Potions
 f - a potion of experience {unknown}
Books
 c - a book of Changes

   Spells                             Type                      Level
   a - Beastly Appendage              Transmutation                1
   b - Sticks to Snakes               Transmutation                2
   c - Spider Form                    Transmutation/Poison         3
   d - Ice Form                       Ice/Transmutation            4
   e - Blade Hands                    Transmutation                5
Comestibles
 e - a ration


   Skills:
 - Level 1.0 Fighting
 - Level 1.7 Dodging
 - Level 2.6 Unarmed Combat
 - Level 2.0 Spellcasting
 + Level 2.4 Transmutations


You had 3 spell levels left.
You knew the following spells:

 Your Spells              Type           Power        Failure   Level  Hunger
a - Beastly Appendage     Tmut           #.....       9%          1    ##.....


Dungeon Overview and Level Annotations

Branches:
Dungeon (1/15)

Altars:


Message History

No target in view!
No target in view!
No target in view!
No target in view!
No target in view!
No target in view!
No target in view!
No target in view!
The ooze quivers.
The ooze is too close now for your liking.
No target in view!
No target in view!
No target in view!
No target in view!
No target in view!
No target in view!
No target in view!
No target in view!
No target in view!
No target in view!
No target in view!
No target in view!
No target in view!
No target in view!
No target in view!
No target in view!
No target in view!
No target in view!
No target in view!
No target in view!
No target in view!
The ooze hits you.
You take 3 damage, and have 12/15 hp.
You barely miss the ooze. The ooze closely misses you.
You hit the ooze.
The ooze is lightly wounded.
The ooze hits you.
You take 3 damage, and have 9/15 hp.
You are too injured to fight recklessly!
You are too injured to fight recklessly!
You are too injured to fight recklessly!
You are too injured to fight recklessly!
You are too injured to fight recklessly!
You are too injured to fight recklessly!
You are too injured to fight recklessly!
You are too injured to fight recklessly!
You are too injured to fight recklessly!
You are too injured to fight recklessly!
You are too injured to fight recklessly!
You are too injured to fight recklessly!
You are too injured to fight recklessly!
You are too injured to fight recklessly!
You are too injured to fight recklessly!
You are too injured to fight recklessly!
You are too injured to fight recklessly!
You are too injured to fight recklessly!
You are too injured to fight recklessly!
You are too injured to fight recklessly!
You are too injured to fight recklessly!
You are too injured to fight recklessly!
You are too injured to fight recklessly!
You are too injured to fight recklessly!
You are too injured to fight recklessly!
You are too injured to fight recklessly!
You are too injured to fight recklessly!
You hit the ooze.
The ooze is moderately wounded.
The ooze barely misses you.
You hit the ooze but do no damage.
The ooze is moderately wounded.
The ooze barely misses you.
You hit the ooze. Your punch misses the ooze.
The ooze is severely wounded.
The ooze closely misses you.
You hit the ooze but do no damage.
The ooze is severely wounded.
The ooze hits you.
* * * LOW HITPOINT WARNING * * *
You take 3 damage, and have 6/15 hp.
You hit the ooze.
The ooze is severely wounded.
The ooze hits you.
* * * LOW HITPOINT WARNING * * *
You take 1 damage, and have 5/15 hp.
You hit the ooze.
You kill the ooze!
Key pressed, stopping explore.
All of the chunks of flesh in your inventory have rotted away.
Key pressed, stopping explore.
You now have 40 gold pieces (gained 8).
You now have 51 gold pieces (gained 11).
You now have 64 gold pieces (gained 13).
A hobgoblin comes into view.
The hobgoblin shouts!
You hear a bark! x2
The hobgoblin moves out of view.
A jackal comes into view.
Health restored: 15 A jackal is nearby!
A jackal is nearby!
Are you sure you want to abandon this character and quit the game? (Confirm with "yes".)

.h ████████...
█..........
█..@.......
..█████..........
█..
..............██.
...████████.......█
........█......███
█ █. █...........█
██.█.██.█.........█
........█.█....████
.█........█....█


You could see a jackal (wandering).

Vanquished Creatures
  An ooze (D:1)
  A ball python (D:1)
  2 frilled lizards (D:1)
4 creatures vanquished.

Notes
Turn   | Place    | Note
-------+----------+-------------------------------------------
     0 | D:1      | Goblin1989 the Demonspawn Transmuter began the quest for the Orb.
     0 | D:1      | Reached XP level 1. HP: 15/15 MP: 3/3
   149 | D:1      | Goblin1989: !lg goblin1989 s=-god
   435 | D:1      | Quit the game

Skill      XL: |  1 |
---------------+----+-----
Transmutations | 2 |  2.4
Fighting       | |  1.0
Dodging        | |  1.7
Unarmed Combat | |  2.6
Spellcasting   | |  2.0

Action                   || total
-------------------------++-------
Melee: Unarmed           ||    30
       Punch             ||     1
 Cast: Beastly Appendage ||     1
Armor: Robe              ||     4
Dodge: Dodged            ||    18

Vault maps used:
D:1:      dpeg_arrival_water_fire
